cohdb
Replays
Latest Replays
All Replays
Popular Replays
Top Player Replays
Match Explorer
How It Works
Community
CoH3 Stats
Reddit
Sign in to upload your games and track your stats! →
Sign in with Steam
Match 39357530
Unlisted
Match 39357530
Overview
Messages
Build Orders
End
Kettenkrad Recon Vehicle
Construct Infanterie Kompanie
Selects Italian Coastal Battlegroup
Selects Coastal Reserves
Pioneer Squad
Pioneer Squad
Coastal Reserve
Selects Artillery Officer
Coastal Reserve
Construct Luftwaffe Kompanie
Selects Designate Defensive Line
Grenadier Squad
Selects Designated Artillery Overwatch
Grenadier Squad
Support Elements
Sniper
Wirbelwind Flakpanzer
Pioneer Squad
Selects Call the Reserves!
Call the Reserves!
Flak 30 Anti-aircraft Gun Team
Marder III M Tank Destroyer
221 Scout Car
Construct Panzergrenadier Kompanie
Flak 30 Anti-aircraft Gun Team
251 Medium Carrier
AI Takeover
Narakon AofApp
Lucca
XX_76_XX
James_McLeod
SneaKerz
gb_gbg
0
0
Comments
sign in to comment!
No comments posted yet!